 Dungeon Crawl Stone Soup version 0.28.0-45-g0d030f2227 (webtiles) character file.

Game seed: 395558648437385808

263 pkoi the Conjurer (level 5, -3/34 (38) HPs)
             Began as a Demigod Conjurer on Apr 9, 2022.
             Killed from afar by Dowan (10 damage)
             ... with a puff of flame
             ... on level 4 of the Dungeon.
             The game lasted 00:03:46 (3811 turns).

pkoi the Conjurer (Demigod Conjurer)                Turns: 3811, Time: 00:03:47

HP:   -3/34 (38)    AC:  2    Str:  8    XL:     5   Next: 65%
MP:   10/10         EV: 12    Int: 24    God:
Gold: 205           SH:  0    Dex: 12    Spells: 0/7 levels left

rFire   . . .      SeeInvis .   i - +0 dagger (venom)
rCold   . . .      Faith    .   (no shield)
rNeg    . . .      Spirit   .   a - +0 robe
rPois   .          Reflect  .   (no helmet)
rElec   .          Harm     .   (no cloak)
rCorr   .          Rampage  .   (no gloves)
Will    .....                   (no boots)
Stlth   ++........              k - amulet of regeneration
HPRegen 0.91/turn               (no ring)
MPRegen 0.12/turn               (no ring)

@: heavily drained
A: high MP 1, forlorn, divine attributes
a: no special abilities


You were on level 4 of the Dungeon.
You visited 1 branch of the dungeon, and saw 4 of its levels.

You collected 205 gold pieces.

Inventory:

Hand Weapons
 e - a +1 dagger
 i - a +0 dagger of venom (weapon)
Missiles
 b - 2 boomerangs
Armour
 a - a +0 robe (worn)
Jewellery
 k - an amulet of regeneration (around neck)
Scrolls
 c - 2 scrolls of enchant armour {unknown}
 d - 2 scrolls of teleportation {unknown}
 g - 4 scrolls of identify {unknown}
 h - a scroll of vulnerability {unknown}
 l - a scroll of blinking {unknown}
Potions
 f - a potion of attraction {unknown}
 j - 2 potions of curing {unknown}
 m - a potion of heal wounds {unknown}


   Skills:
 - Level 1.7 Dodging
 - Level 1.7 Stealth
 + Level 1.8 Spellcasting
 + Level 6.5 Conjurations
 * Level 0.6 Translocations


You couldn't memorise any spells.
You knew the following spells:

 Your Spells              Type           Power      Damage    Failure   Level
a - Magic Dart            Conj           100%       1d8       1%          1
b - Searing Ray           Conj           66%        2d6       1%          2
c - Iskenderun's Mystic   Conj/Tloc      19%        2d6       28%         4

Your spell library contained the following spells:

 Spells                   Type           Power      Damage    Failure   Level
 Apportation              Tloc           10%        N/A       10%         1
 Dazzling Flash           Conj/Hex       34%        N/A       10%         3
 Animate Skeleton         Necr           4%         N/A       12%         1
 Beastly Appendage        Tmut           4%         N/A       12%         1
 Summon Small Mammal      Summ           8%         N/A       12%         1
 Wereblood                Tmut           2%         N/A       19%         2
 Fulminant Prism          Conj/Hex       8%         3d7       32%         4
 Spider Form              Tmut/Pois      2%         N/A       36%         3


Dungeon Overview and Level Annotations

Branches:
Dungeon (4/15)
 Temple: D:4-7

Annotations:
D:4 Dowan, Duvessa


Innate Abilities, Weirdness & Mutations

You have an increased reservoir of magic. (+10% MP)
You shall have no god before yourself.
Your divine heritage dramatically boosts your attributes as you level up.


Message History

m - a bubbling grey potion A ball python comes into view.
A ball python is nearby!
The magic dart hits the ball python!
You kill the ball python!
You can't see any susceptible monsters within range! (Use Z to cast anyway.)
You can't see any susceptible monsters within range! (Use Z to cast anyway.)
You can't see any susceptible monsters within range! (Use Z to cast anyway.)
Found a stone staircase leading up.
Dowan, Brother of Duvessa comes into view.
He is wielding a +0 dagger and wearing a +2 robe of cold resistance.
Dowan says, "Stay away from my face!"
Dowan moves out of view.
A kobold comes into view. It is wielding a +0 dagger.
Dowan gestures at Duvessa while chanting.
Duvessa shouts!
Duvessa seems to speed up.
Dowan gestures at you while chanting. The puff of frost hits you.
Dowan casts a spell.
Dowan blinks!
Duvessa closely misses you. Duvessa completely misses you.
Dowan mumbles some strange words.
Dowan blinks!
Duvessa barely misses you.
Duvessa hits you with a +2 short sword of draining.
You feel drained.
You see here a +0 ring mail.
Duvessa gestures with her weapon.
Duvessa hits you with a +2 short sword of draining!
* * * LOW HITPOINT WARNING * * *
You feel drained.
* * * LOW HITPOINT WARNING * * *
Duvessa hits you with a +2 short sword of draining!
* * * LOW HITPOINT WARNING * * *
You feel drained.
* * * LOW HITPOINT WARNING * * *
Dowan casts a spell at you. The puff of flame hits you!
You die...

...............#####......# #.#
........................>.####.##
####...........#............#..##
.....................#+####.#.###
...........e......... .# #.#....
.........#+#[....#+###.####.#####
.........+ +....................#
.....###+#+#...............####.#
.....#.........e@..........
.....#...........<......... .....
.............#....... .....
.........#.#.#.......
.....#...........#.#.......
......##.....#.#.#+#####
......##.....#.........#
......##.....###.......#
##...........###.......#


You could see Duvessa (fast) and Dowan.

Vanquished Creatures
  An ogre (D:3)
  A hound (D:4)
  An orc priest (D:3)
  Natasha (D:2)
  An adder (D:3)
  2 worms
  4 dart slugs
  3 orcs
  7 ball pythons
  4 endoplasms
  2 giant cockroaches
  10 goblins
  9 hobgoblins
  12 jackals
  4 bats
  A frilled lizard (D:1)
  4 kobolds
67 creatures vanquished.

Notes
Turn   | Place    | Note
-------+----------+-------------------------------------------
     0 | D:1      | pkoi the Demigod Conjurer began the quest for the Orb.
     0 | D:1      | Reached XP level 1. HP: 14/14 MP: 5/5
   378 | D:1      | Reached skill level 4 in Conjurations
   421 | D:1      | Reached XP level 2. HP: 19/20 MP: 4/7
  1510 | D:2      | Reached XP level 3. HP: 26/26 MP: 5/8
  2002 | D:2      | Noticed Natasha
  2012 | D:2      | Killed Natasha
  2013 | D:2      | Reached skill level 5 in Conjurations
  2175 | D:2      | Learned a level 2 spell: Searing Ray
  2383 | D:3      | Noticed an ogre
  2397 | D:3      | Killed an ogre
  2398 | D:3      | Reached XP level 4. HP: 33/33 MP: 2/9
  2469 | D:3      | Reached skill level 6 in Conjurations
  2469 | D:3      | Reached XP level 5. HP: 38/38 MP: 7/10
  3476 | D:4      | Learned a level 4 spell: Iskenderun's Mystic Blast
  3477 | D:4      | Noticed Duvessa
  3790 | D:4      | Noticed Dowan
  3811 | D:4      | Killed from afar by Dowan

Illustrated notes

Levels and vault maps discovered:
D:1:      dpeg_arrival_court, layout_basic, nicolae_ecumenical_snake_handling,
          minmay_misc_feat_doors
D:2:      layout_basic, uniq_natasha
D:3:      layout_basic, nicolae_gozag_seed_capital,
          mainiacjoe_overflow_catwalk_spiral, minmay_misc_feat_iff
D:4:      layout_basic, zin_angel, serial_shops, nicolae_shop_behind_doors,
          shop, kennysheep_little_box, shop, kennysheep_generic_room_5,
          uniq_duvessa

Skill      XL: |  1  2  3  4 |
---------------+-------------+-----
Conjurations   | 4 5 6 |  6.5
Dodging        | |  1.7
Stealth        | |  1.7
Spellcasting   | |  1.8
Translocations | |  0.6

Action                   |  1- 3 |  4- 6 || total
-------------------------+-------+-------++-------
Melee: Dagger            |    11 |    22 ||    33
       Punch             |       |     1 ||     1
 Cast: Magic Dart        |    90 |    54 ||   144
       Searing Ray       |       |     1 ||     1
  Use: Scroll            |     3 |       ||     3
Armor: Robe              |     2 |     5 ||     7
Dodge: Dodged            |    15 |    24 ||    39
